 Dungeon Crawl Stone Soup version 0.19.5 (webtiles) character file.

157 Azzok the Skirmisher (level 5, -1/48 HPs)
             Began as a Centaur Fighter on June 9, 2017.
             Slain by a worker ant (2 damage)
             ... on level 4 of the Dungeon.
             The game lasted 00:04:23 (3119 turns).

Azzok the Skirmisher (Centaur Fighter)              Turns: 3119, Time: 00:04:23

Health: -1/48      AC:  7    Str: 19    XL:     5   Next: 15%
Magic:  5/5        EV:  3    Int:  7    God:
Gold:   198        SH:  8    Dex: 13    Spells: 0 memorised, 4 levels left

rFire  . . .     SeeInvis .       - Unarmed
rCold  . . .     Gourm    .     e - +0 chain mail
rNeg   . . .     Faith    .     b - +0 shield
rPois  .         Spirit   .     (no helmet)
rElec  .         Reflect  .     (no cloak)
rCorr  .         Harm     .     (no gloves)
MR     .....                    (no barding)
Stlth  ..........               (no amulet)
                                (no ring)
                                x - +4 ring of dexterity

@: lethally poisoned (-1 -> -3), very quick
A: hooves 3, deformed body, speed 2, tough skin 3
a: no special abilities


You were on level 4 of the Dungeon.
You were not hungry.

You visited 1 branch of the dungeon, and saw 4 of its levels.

You collected 198 gold pieces.

Inventory:

Missiles
 g - 73 arrows
 p - 12 poisoned needles
Armour
 b - a +0 shield (worn)
 e - a +0 chain mail (worn)
Jewellery
 x - a +4 ring of dexterity (left hand)
Wands
 q - a wand of iceblast (8/15)
Scrolls
 a - 7 scrolls of identify {unknown}
 h - a scroll of noise {unknown}
 l - a scroll of remove curse {unknown}
 m - a scroll of fog {unknown}
 s - a scroll of amnesia {unknown}
 v - a scroll of fear {unknown}
Potions
 c - a potion of might
 i - a potion of cure mutation {unknown}
 k - a potion of flight {unknown}
 n - a potion of curing {unknown}
 t - 3 potions of brilliance {unknown}
 w - 2 potions of heal wounds {unknown}
Books
 r - a book of Cantrips

   Spells                             Type                      Level
   a - Confusing Touch                Hexes                        1
   b - Animate Skeleton               Necromancy                   1
   c - Summon Small Mammal            Summoning                    1
   d - Apportation                    Translocation                1
Comestibles
 d - 5 bread rations {@e1}
 f - a meat ration {@e2}
 j - a slice of pizza
 o - 6 chunks of flesh {@w0}
 u - a beef jerky


   Skills:
 + Level 5.0 Fighting
 - Level 2.1 Armour
 - Level 2.1 Shields
 + Level 3.6 Unarmed Combat


You had 4 spell levels left.
You didn't know any spells.

Dungeon Overview and Level Annotations

Branches:
Dungeon (4/15)
 Temple: D:4-7

Altars:
Qazlal


Innate Abilities, Weirdness & Mutations

You have hooves in place of feet.
Armour fits poorly on your strangely shaped body.
You cover ground very quickly.
You have extremely tough skin. (AC +3)


Message History

The worker ant is heavily wounded.
The worker ant bites you.
The orc hits you from afar with a trident.
* * * LOW HITPOINT WARNING * * *
The orc priest begins to cast a cantrip, but forgets the words!
You take 7 damage, and have 14/48 hp.
Your chain mail prevents you from hitting the worker ant.
The worker ant is heavily wounded.
The worker ant bites you but does no damage.
The orc wizard mumbles some strange words.
The orc wizard blinks!
The orc hits you but does no damage.
The orc priest calls down the wrath of Beogh upon you.
Beogh smites you!
* * * LOW HITPOINT WARNING * * *
You take 12 damage, and have 2/48 hp.
MASSIVE DAMAGE!!
You closely miss the worker ant.
The worker ant is heavily wounded.
* * * LOW HITPOINT WARNING * * *
You feel sick. The worker ant bites you.
You die...

▒····▒
▒▒▒▒▒▒▒···▒
▒····▒▒···▒ ▒▒▒
▒·%·······▒
····▒▒········▒
········>·····▒
·········▒▒···▒
········o▒▒···▒
·······o§a@··<▒
····▒▒··o▒▒···▒
▒▒▒ ▒▒▒╬▒▒···▒
▒···▒ ▒▒▒▒▒


You could see a worker ant, an orc priest and 2 orcs.

Vanquished Creatures
  Ijyb (D:2)
  3 adders
  An ooze (D:3)
  A worm (D:3)
  A dart slug (D:1)
  9 orcs
  8 bats
  4 giant cockroaches
  12 goblins
  8 hobgoblins
  6 jackals
  7 kobolds
  2 ball pythons
  6 frilled lizards
  16 rats
85 creatures vanquished.

Notes
Turn   | Place    | Note
-------+----------+-------------------------------------------
     0 | D:1      | Azzok the Centaur Fighter began the quest for the Orb.
     0 | D:1      | Reached XP level 1. HP: 19/19 MP: 1/1
   228 | D:1      | Reached XP level 2. HP: 6/26 MP: 2/2
   736 | D:1      | Reached XP level 3. HP: 33/33 MP: 3/3
  1193 | D:2      | Reached skill level 4 in Fighting
  1757 | D:2      | Noticed Ijyb
  1806 | D:2      | Killed Ijyb
  1806 | D:2      | Reached XP level 4. HP: 6/41 MP: 4/4
  2498 | D:3      | Found a stormy altar of Qazlal.
  2770 | D:3      | Reached XP level 5. HP: 47/47 MP: 5/5
  3081 | D:4      | Reached skill level 5 in Fighting
  3118 | D:4      | HP: 2/48 [orc priest/divine providence (12)]
  3119 | D:4      | Slain by a worker ant

Skill      XL: |  1  2  3  4  5 |
---------------+----------------+-----
Fighting       | 4 5 |  5.0
Unarmed Combat | 3 |  3.6
Armour         | |  2.1
Shields        | |  2.1

Action                   |  1- 3 |  4- 6 || total
-------------------------+-------+-------++-------
Melee: Unarmed           |   249 |   130 ||   379
       Kick              |    36 |    33 ||    69
  Use: Potion            |     1 |       ||     1
  Eat: Chunk             |     2 |     4 ||     6
Armor: Chain mail        |   147 |    46 ||   193
       Scale mail        |     4 |       ||     4
Dodge: Dodged            |    28 |    13 ||    41
Block: Shield            |    88 |    52 ||   140
